 Dungeon Crawl Stone Soup version 0.18.1-5-g4a78601 (webtiles) character file.

1242 pipel the Firebug (level 8, -1/43 HPs)
             Began as a Deep Elf Fire Elementalist on May 14, 2016.
             Was an Initiate of Sif Muna.
             Shot with an arrow by a centaur (11 damage)
             ... on level 7 of the Dungeon.
             The game lasted 00:23:13 (6315 turns).

pipel the Firebug (Deep Elf Fire Elementalist)      Turns: 6315, Time: 00:23:14

Health: -1/43      AC:  4    Str: 11    XL:     8   Next: 25%
Magic:  3/19       EV: 14    Int: 23    God:    Sif Muna [......]
Gold:   380        SH:  0    Dex: 15    Spells: 5 memorised, 3 levels left

rFire  . . .     SeeInvis .     a - +1 spear
rCold  . . .     Gourm    .     d - +0 robe
rNeg   . . .     Faith    .     (no shield)
rPois  +         Spirit   .     (no helmet)
rElec  .         Dismiss  .     O - +1 cloak {MR+}
rCorr  .         Reflect  .     (no gloves)
SustAt .         Harm     .     (no boots)
MR     +....                    (no amulet)
Stlth  +++.......               t - +6 ring of strength
                                n - ring of poison resistance

@: somewhat resistant to hostile enchantments, fairly stealthy
A: no striking features
a: Renounce Religion


You were on level 7 of the Dungeon.
You worshipped Sif Muna.
Sif Muna was noncommittal.
You were hungry.

You visited 1 branch of the dungeon, and saw 7 of its levels.
You also visited: Sewer.

You collected 380 gold pieces.

Inventory:

Hand Weapons
 a - a +1 spear (weapon)
 b - a +0 hunting sling
 v - a +0 trident
Missiles
 i - 152 stones (quivered)
 p - 73 bolts
 r - 50 poisoned needles
 y - 10 sling bullets
 B - 66 arrows
 D - 5 tomahawks of returning
 H - 6 tomahawks
Armour
 d - a +0 robe (worn)
 L - a +0 cloak
 O - a +1 cloak of magic resistance (worn)
Jewellery
 n - a ring of poison resistance (left hand)
 t - a +6 ring of strength (right hand)
 J - an uncursed ring of protection from magic
Wands
 l - a wand of digging (15/24)
 N - a wand of polymorph (7/24)
Scrolls
 g - a scroll of noise
 m - 3 scrolls of blinking
 w - 2 scrolls of fear
 z - 6 scrolls of remove curse
 C - 6 scrolls of teleportation
 M - 4 scrolls of identify
Potions
 f - 2 potions of curing
 j - a potion of brilliance
 o - 3 potions of resistance
 q - 2 potions of heal wounds
 x - 2 potions of lignification
 A - 2 potions of cancellation
 E - 4 potions of flight
 F - 3 potions of agility
 G - a potion of might {unknown}
 I - a potion of magic {unknown}
Books
 e - a book of Flames

   Spells                             Type                      Level
   a - Flame Tongue                   Conjuration/Fire             1
   b - Throw Flame                    Conjuration/Fire             2
   c - Conjure Flame                  Conjuration/Fire             3
   d - Inner Flame                    Hexes/Fire                   3
   e - Sticky Flame                   Conjuration/Fire             4
   f - Fireball                       Conjuration/Fire             5
 k - a book of Transfigurations

   Spells                             Type                      Level
   a - Irradiate                      Conjuration/Transmutation    5
   b - Statue Form                    Transmutation/Earth          6
   c - Hydra Form                     Transmutation                6
   d - Dragon Form                    Transmutation                7
Comestibles
 c - 5 bread rations
 h - 3 slices of pizza
 s - 2 meat rations
 u - 2 beef jerkies
 K - a fruit


   Skills:
 - Level 1.1 Fighting
 + Level 1.6 Polearms
 + Level 1.7 Slings
 - Level 0.4(1.3) Throwing
 - Level 3.9 Dodging
 - Level 3.7 Stealth
 + Level 6.2 Spellcasting
 * Level 5.1 Conjurations
 - Level 0.3 Hexes
 * Level 6.8 Fire Magic


You had 3 spell levels left.
You knew the following spells:

 Your Spells              Type           Power        Failure   Level  Hunger
a - Flame Tongue          Conj/Fire      ####.        1%          1    None
b - Conjure Flame         Conj/Fire      ####....     1%          3    #......
c - Inner Flame           Hex/Fire       ###.....     8%          3    #......
d - Fireball              Conj/Fire      ####......   21%         5    #####..
e - Sticky Flame          Conj/Fire      ####....     10%         4    ###....


Dungeon Overview and Level Annotations

Branches:
Dungeon (7/15)             Temple (0/1) D:6

Altars:
Makhleb
Okawaru
Qazlal
Ru
Sif Muna
Trog
Xom
Yredelemnul
The Shining One

Shops:
D:5 }


Message History

Aiming: Fireball
Press: ? - help, Shift-Dir - straight line, f - centaur
Aim: a centaur, wielding a shortbow (hasn't noticed you)
The fireball explodes!
The fireball engulfs the centaur.
The centaur is severely wounded.
The centaur shouts!
You are feeling hungry.
The centaur shoots an arrow.
The arrow barely misses you.
You now have 3/19 mp.
Casting: Fireball
Confirm with . or Enter, or press ? or * to list all spells.
You don't have enough magic to cast that spell.
Casting: Fireball
Confirm with . or Enter, or press ? or * to list all spells.
Aiming: Flame Tongue
Press: ? - help, Shift-Dir - straight line, f/p - centaur
Aim: a centaur, wielding a shortbow (severely wounded)
The flame tongue misses the centaur.
The centaur shoots an arrow.
The arrow hits you!
You die...

#.# #c#
#ยง# #.##
#..# ## ##
##(# ###.
.### #[#
.(.#... #
#(# #...#
.### #.#
#@# ....#
#.#
##.#...).#
#.#
#........>
##..
#..#.....#
#...
#..#.c...#
##... ....
#.###
#%...
##### .#
#..## #
#..# #.c#


You could see a centaur.

Vanquished Creatures
  A hungry ghost (D:6)
  An orc warrior (D:6)
  4 ogres
  3 giant frogs
  A giant frog zombie (D:5)
  A hound (D:5)
  3 orc wizards
  Crazy Yiuf (D:7)
  2 iguanas
  Natasha (twice) (D:4)
  5 adders
  4 gnolls (D:6)
  2 adder zombies
  2 adder skeletons (D:6)
  4 worms
  A dart slug (D:3)
  A giant gecko (D:3)
  11 orcs
  6 giant cockroaches
  4 goblins
  A hobgoblin (D:1)
  19 jackals
  3 kobolds
  6 quokkas
  3 ball pythons (Sewer)
  12 bats
  7 giant newts
  A jackal zombie (D:6)
  3 rats
114 creatures vanquished.

Vanquished Creatures (others)
  A giant frog skeleton (D:6)
1 creature vanquished.

Grand Total: 115 creatures vanquished

Notes
Turn   | Place    | Note
--------------------------------------------------------------
     0 | D:1      | pipel the Deep Elf Fire Elementalist began the quest for the Orb.
     0 | D:1      | Reached XP level 1. HP: 10/10 MP: 6/6
   632 | D:1      | Reached XP level 2. HP: 15/15 MP: 6/8
  1051 | D:2      | Found a shimmering altar of Xom.
  1249 | D:2      | Found a basalt altar of Yredelemnul.
  1267 | D:2      | Reached XP level 3. HP: 5/19 MP: 7/10
  1345 | D:2      | Learned a level 3 spell: Conjure Flame
  1349 | D:2      | Learned a level 3 spell: Inner Flame
  1707 | D:3      | Reached XP level 4. HP: 24/24 MP: 0/11
  1848 | D:3      | Found a stormy altar of Qazlal.
  2282 | D:3      | Reached skill level 1 in Fighting
  2580 | D:4      | Noticed an ogre
  2756 | D:3      | Reached XP level 5. HP: 8/29 MP: 2/13
  3014 | D:4      | Found a sacrificial altar of Ru.
  3074 | D:4      | Killed an ogre
  3111 | D:4      | Found a glowing drain.
  3120 | Sewer    | Entered a sewer
  3148 | Sewer    | Learned a level 5 spell: Fireball
  3306 | Sewer    | Reached skill level 1 in Polearms
  3713 | D:4      | Noticed an ogre
  3753 | D:4      | Killed an ogre
  3753 | D:4      | Reached XP level 6. HP: 34/34 MP: 1/15
  3825 | D:4      | Noticed Natasha
  3828 | D:4      | Killed Natasha
  3875 | D:4      | Noticed Natasha
  3879 | D:4      | Killed Natasha
  3879 | D:4      | Reached skill level 5 in Spellcasting
  3908 | D:4      | Found a bloodstained altar of Trog.
  4000 | D:5      | Entered Level 5 of the Dungeon
  4038 | D:5      | Found Jila's Quality Used Wands.
  4200 | D:5      | Reached skill level 5 in Fire Magic
  4287 | D:5      | Reached XP level 7. HP: 38/38 MP: 14/16
  4360 | D:5      | Learned a level 4 spell: Sticky Flame
  4381 | D:5      | Found a burning altar of Makhleb.
  4830 | D:6      | Reached skill level 1 in Slings
  4892 | D:6      | Found a glowing golden altar of the Shining One.
  4947 | D:6      | Noticed a hungry ghost
  5245 | D:5      | Found a burning altar of Makhleb.
  5272 | D:6      | Found an iron altar of Okawaru.
  5570 | D:6      | Found a deep blue altar of Sif Muna.
  5573 | D:6      | Became a worshipper of Sif Muna the Loreminder
  5613 | D:6      | Found a staircase to the Ecumenical Temple.
  5833 | D:6      | Killed a hungry ghost
  5833 | D:6      | Reached XP level 8. HP: 43/43 MP: 3/18
  6109 | D:7      | Reached skill level 5 in Conjurations
  6181 | D:6      | Found an iron altar of Okawaru.
  6198 | D:7      | Noticed Crazy Yiuf
  6200 | D:7      | Killed Crazy Yiuf
  6315 | D:7      | Shot with an arrow by a centaur

Skill      XL: |  1  2  3  4  5  6  7  8 |
---------------+-------------------------+-----
Stealth        | 3 |  3.7
Fire Magic     | 4 5 6 |  6.8
Dodging        | 3 |  3.9
Spellcasting   | 4 5 6 |  6.2
Fighting       | 1 |  1.1
Polearms       | 1 |  1.6
Conjurations   | 2 4 5 |  5.1
Slings         | 1 |  1.7
Throwing       | |  0.4
Hexes          | |  0.3

Action                   |  1- 3 |  4- 6 |  7- 9 || total
-------------------------+-------+-------+-------++-------
Melee: Spear             |    65 |    89 |    49 ||   203
 Fire: Hunting sling     |       |    15 |    13 ||    28
Throw: Stone             |     3 |     7 |       ||    10
 Cast: Flame Tongue      |    38 |    65 |    65 ||   168
       Conjure Flame     |     2 |     6 |     9 ||    17
       Inner Flame       |       |     4 |     3 ||     7
       Sticky Flame      |       |       |     2 ||     2
       Fireball          |       |       |     4 ||     4
  Use: Scroll            |       |    16 |     5 ||    21
 Stab: Sleeping          |     8 |     1 |       ||     9
  Eat: Chunk             |     2 |    10 |     7 ||    19
Armor: Robe              |    10 |    31 |     2 ||    43
Dodge: Dodged            |    49 |   121 |    46 ||   216
